 Dungeon Crawl Stone Soup version 0.30-a0-162-g2ba88f6271 (webtiles) character file.

Game seed: 5832504360172274648

16 BlueGoblin the Conjurer (level 2, 0/1 (22) HPs)
             Began as a Demonspawn Reaver on Sept 28, 2022.
             Constricted to death by a ball python (1 damage)
             ... on level 1 of the Dungeon.
             The game lasted 00:03:07 (975 turns).

BlueGoblin the Conjurer (Demonspawn Reaver)          Turns: 975, Time: 00:03:08

HP:   0/1 (22)      AC:  3    Str: 12    XL:     2   Next: 41%
MP:   2/5           EV:  8    Int: 14    God:
Gold: 11            SH:  0    Dex: 11    Spells: 4/5 levels left

rFire   . . .      SeeInvis .    a - +0 falchion
rCold   . . .      Faith    .    (no shield)
rNeg    . . .      Spirit   .    b - +0 leather armour
rPois   .          Reflect  .    (no helmet)
rElec   .          Harm     .    (no cloak)
rCorr   .          Rampage  .    (no gloves)
Will    .....                    (no boots)
Stlth   +.........               (no amulet)
HPRegen 0.01/turn                (no ring)
MPRegen 0.09/turn                (no ring)

@: very slightly contaminated, constricted, extremely drained
A: claws 1
a: no special abilities


You were on level 1 of the Dungeon.
You visited 1 branch of the dungeon, and saw 1 of its levels.

You collected 11 gold pieces.

Inventory:

Hand Weapons
 a - a +0 falchion (weapon)
Armour
 b - a +0 leather armour (worn)
Scrolls
 c - a scroll of noise
Potions
 d - a potion of magic {unknown}
 e - a potion of heal wounds {unknown}
 f - 2 potions of curing


   Skills:
 + Level 2.2 Fighting
 - Level 2.6 Long Blades
 + Level 2.0 Dodging
 + Level 2.2 Spellcasting
 + Level 3.2 Conjurations
 + Level 0.2 Necromancy


You had 4 spell levels left.
You knew the following spells:

 Your Spells              Type           Power      Damage    Failure   Level
a - Kiss of Death         Conj/Necr      24%        2d7       14%         1

Your spell library contained the following spells:

 Spells                   Type           Power      Damage    Failure   Level
 Volcanic Tap             Conj/Fire/Erth 8%         3d8       28%         2
 Hailstorm                Conj/Ice       6%         3d4       41%         3


Dungeon Overview and Level Annotations

Branches:
Dungeon (1/15)

Altars:


Innate Abilities, Weirdness & Mutations

You have sharp fingernails.


Message History

As you read the scroll labelled KILITYNT FYDAN, it crumbles to dust.
You hear a loud clanging noise!
It was a scroll of noise.
You hear a shout!
As you read the scroll labelled SIRCHUTIONUL, it crumbles to dust.
It is a scroll of identify.
f - 2 potions of curing You start waiting.
Done waiting.
Things that are here:
a +0 whip; a frilled lizard skeleton; a kobold skeleton
Found 6 stones.
A ball python comes into view.
A ball python is nearby!
You see here 6 stones.
The negative energy hits the ball python!
The ball python is drained!
You kill the ball python!
You feel drained.
Magic restored.
A kobold comes into view. It is wielding a +0 dagger.
A kobold is nearby!
A kobold is nearby!
The kobold shouts!
You hear an angry hiss.
The negative energy hits the kobold!
The kobold is drained!
You kill the kobold!
You feel drained.
A ball python comes into view.
A ball python is nearby!
You see here a +0 dagger.
The ball python closely misses you. x2
You miscast Kiss of Death.
You are very lightly contaminated with residual magic.
Nothing appears to happen.
The ball python barely misses you. The ball python grabs you.
The ball python constricts you.
You miscast Kiss of Death.
Nothing appears to happen.
The ball python bites you but does no damage.
The ball python constricts you.
Ouch! That really hurt!
You die...

#######.#.# #####.#
..........# #.....#
#######.#####.....#
#.................#
#####.###.########'#.#
.................#.#.###
#####..)#......#.#.#..).
.........:.###.#........
#####..@.....# ###.#####
#...S....... #.#....
#.....!.....# #.#.#.#
#....##.#.#.# #.#.#..
#..... .#.#.# #.#.###
#..... .. # #.#....
#..... .. #.#)###
#...... .# #.#....
#.#.###


You could see a ball python.

Vanquished Creatures
  4 bats (D:1)
  2 endoplasms (D:1)
  2 giant cockroaches (D:1)
  2 hobgoblins (D:1)
  A ball python (D:1)
  A frilled lizard (D:1)
  3 kobolds (D:1)
15 creatures vanquished.

Notes
Turn   | Place    | Note
-------+----------+-------------------------------------------
     0 | D:1      | BlueGoblin the Demonspawn Reaver began the quest for the
                  | Orb.
     0 | D:1      | Reached XP level 1. HP: 16/16 MP: 3/3
   463 | D:1      | Gained mutation: You have sharp fingernails. [demonic
                  | ancestry]
   463 | D:1      | Reached XP level 2. HP: 7/7 MP: 1/5
   975 | D:1      | Constricted to death by a ball python

Illustrated notes

Levels and vault maps discovered:
D:1:      minmay_arrival_arboretum_small, layout_basic

Skill      XL: |  1  2 |
---------------+-------+-----
Dodging        | 2 |  2.0
Fighting       | |  2.2
Long Blades    | |  2.6
Spellcasting   | |  2.2
Conjurations   | |  3.2
Necromancy     | |  0.2

Action                   || total
-------------------------++-------
Melee: Falchion          ||     2
 Cast: Kiss of Death     ||    15
  Use: Scroll            ||     2
Armor: Leather armour    ||     7
Dodge: Dodged            ||    14

Table legend: (Time is in decaauts)
 A = Elapsed time spent in this place.
 B = Non-inter-level travel time spent in this place.
 C = Inter-level travel time spent in this place.
 D = Time resting spent in this place.
 E = Time spent auto-exploring this place.
 F = Levels seen in this place.
 G = Mean time per level.
                   A        B        C        D        E       F      G
               +--------+--------+--------+--------+--------+-----+--------+
         Total |    975 |    975 |      0 |    348 |    502 |   1 |  975.0 |
       Dungeon |    975 |    975 |      0 |    348 |    502 |   1 |  975.0 |
               +--------+--------+--------+--------+--------+-----+--------+

Top non-repeatable levels by time:
     D:1: 975 daAuts
